AoeStats
← MrLuck7

African Clearing

510645261Analyzed
4v4 RM · 1d ago on Oct 2, 2026· 46m 23s· 8 players
Game mode
Random Map
Map size
Large (8 player)
Population
200
Speed
Normal
Resources
Standard
Victory
Conquest
Starting age
Dark Age
Ending age
Imperial Age
RankedLock teamsTeams togetherTeam positionsShared explorationLock speedFull tech treeHidden civsTurbo modeCheats
Victory
Defeat
🇧🇷 Franks · Brazil
679
+13
🇺🇸 Dravidians · United States
652
+14
🇨🇱 Britons · Chile
614
+16
🇧🇷 Poles · Brazil
532
+19
🇨🇱 Saracens · Chile
832
-74
🇨🇱 Franks · Chile
540
-13
🇨🇱 Lithuanians · Chile
529
-12
🇨🇱 Britons · Chile
528
-12
lula2026
4:38 Loom
17:20 Feudal Age
22:17 Castle Age
20:38 Double-Bit Axe
20:51 Horse Collar
21:49 Town Watch
27:01 Heavy Plow
27:39 Wheelbarrow
28:08 Town Patrol
28:38 Stone Mining
30:24 Hand Cart
38:14 Man-at-Arms
38:55 Squires
38:40 Arson
41:00 Forging
41:14 Bow Saw
41:36 Long Swordsman
41:37 Pikeman
42:46 Szlachta Privileges
46:33 Imperial Age
Zhukov
19:25 Feudal Age
25:18 Castle Age
28:29 Caravan
34:44 Wheelbarrow
33:55 Town Watch
36:52 Double-Bit Axe
43:46 Imperial Age
42:10 Coinage
42:15 Bow Saw
42:05 Loom
44:47 Town Patrol
45:03 Hand Cart
44:45 Cavalier
45:28 Husbandry
KrathOs98CHI
15:35 Feudal Age
14:02 Loom
17:34 Wheelbarrow
16:45 Town Watch
16:43 Horse Collar
17:10 Double-Bit Axe
28:30 Castle Age
30:44 Hand Cart
30:29 Town Patrol
33:20 Bow Saw
33:14 Heavy Plow
34:28 Gold Mining
42:20 Imperial Age
45:29 Gold Shaft Mining
46:00 Two-Man Saw
44:56 Stone Mining
44:49 Elite Longbowman
45:50 Yeomen
Looting
4:12 Loom
17:13 Feudal Age
24:26 Castle Age
24:48 Double-Bit Axe
26:57 Wheelbarrow
27:46 Fletching
27:58 Padded Archer Armor
28:58 Horse Collar
34:36 Imperial Age
35:03 Thumb Ring
36:56 Bodkin Arrow
37:12 Forging
37:19 Gold Mining
37:51 Bracer
37:40 Elite Skirmisher
40:06 Ballistics
40:10 Conscription
42:23 Leather Archer Armor
42:26 Town Watch
44:51 Ring Archer Armor
45:43 Chemistry
46:06 Elite Elephant Archer
Danphont
12:52 Feudal Age
11:24 Loom
13:18 Double-Bit Axe
16:45 Town Watch
17:36 Wheelbarrow
16:47 Loom
20:31 Horse Collar
21:01 Arson
21:38 Scale Barding Armor
29:26 Castle Age
27:29 Fishing Lines
29:51 Bloodlines
30:53 Scale Mail Armor
31:05 Forging
31:25 Pikeman
32:11 Light Cavalry
37:49 Gold Mining
42:11 Padded Archer Armor
47:47 Imperial Age
Snow Mun
18:37 Feudal Age
17:04 Loom
20:01 Wheelbarrow
19:16 Town Watch
19:39 Double-Bit Axe
22:52 Scale Barding Armor
22:50 Scale Mail Armor
23:02 Forging
22:46 Fletching
22:59 Padded Archer Armor
28:24 Castle Age
28:40 Crossbowman
36:49 Iron Casting
36:29 Chain Mail Armor
36:36 Bow Saw
Chupalla
13:54 Feudal Age
14:22 Double-Bit Axe
17:05 Horse Collar
25:27 Castle Age
24:12 Stone Mining
24:14 Gold Mining
27:26 Wheelbarrow
27:05 Bow Saw
27:02 Elite Skirmisher
29:39 Gold Shaft Mining
30:18 Pikeman
30:59 Squires
35:13 Hand Cart
35:48 Town Watch
42:03 Imperial Age
39:45 Padded Archer Armor
39:36 Fletching
45:02 Halberdier
MrLuck7
17:33 Loom
38:42 Feudal Age
41:07 Wheelbarrow
Connection lost

Rejoining the realm…

Still unreachable

The connection could not be restored.

Session expired

The server has moved on; the page needs a fresh start.